 Dungeon Crawl Stone Soup version 0.19-a0-1899-g2d93087 (webtiles) character file.

291 rme2001 the Ducker (level 6, -1/48 HPs)
             Began as a Merfolk Gladiator on Oct 19, 2016.
             Shot with an arrow by a centaur (16 damage)
             ... on level 5 of the Dungeon.
             The game lasted 00:12:12 (2784 turns).

rme2001 the Ducker (Merfolk Gladiator)              Turns: 2784, Time: 00:12:13

Health: -1/48      AC:  5    Str: 15    XL:     6   Next: 32%
Magic:  6/6        EV: 16    Int:  7    God:
Gold:   178        SH:  0    Dex: 17    Spells: 0 memorised, 5 levels left

rFire  . . .     SeeInvis .     o - +1 dagger (venom)
rCold  . . .     Gourm    .     b - +0 leather armour
rNeg   . . .     Faith    .     (no shield)
rPois  +         Spirit   .     c - +0 helmet
rElec  .         Reflect  .     (no cloak)
rCorr  .         Harm     .     p - +0 pair of gloves (curse)
MR     .....                    (no boots)
Stlth  +.........               (no amulet)
                                w - +1 ring of evasion
                                k - ring of poison resistance

@: no status effects
A: change form in water, swift swim, stealthy swim
a: no special abilities


You were on level 5 of the Dungeon.
You were not hungry.

You visited 1 branch of the dungeon, and saw 6 of its levels.

You collected 178 gold pieces.

Inventory:

Hand Weapons
 a - a +0 long sword
 e - a +1 dagger of draining
 o - a +1 dagger of venom (weapon)
 s - a cursed -1 short sword
Missiles
 d - 3 throwing nets (quivered)
Armour
 b - a +0 leather armour (worn)
 c - a +0 helmet (worn)
 p - a cursed +0 pair of gloves (worn)
 u - a +0 scale mail of magic resistance
Jewellery
 k - a ring of poison resistance (left hand)
 r - an uncursed ring of poison resistance
 t - an uncursed ring of ice {unknown}
 w - a +1 ring of evasion (right hand)
Scrolls
 j - a scroll of identify
 m - a scroll of amnesia
 n - a scroll of blinking
 v - a scroll of recharging {unknown}
Potions
 h - a potion of magic
 i - 3 potions of might
 l - a potion of berserk rage {unknown}
 q - a potion of flight {unknown}
Comestibles
 f - 3 bread rations
 g - a meat ration
 x - a chunk of flesh


   Skills:
 + Level 4.1 Fighting
 * Level 4.6(5.2) Short Blades
 - Level 3.4(4.4) Long Blades
 - Level 2.0 Throwing
 + Level 5.8 Dodging


You had 5 spell levels left.
You didn't know any spells.

Dungeon Overview and Level Annotations

Branches:
Dungeon (6/15)
 Temple: D:4-7

Altars:


Message History

You see here an arrow.
The centaur shoots an arrow.
The arrow hits you.
The centaur shoots an arrow.
The arrow hits you but does no damage.
You see here 2 arrows.
The centaur unwields an uncursed shortbow.
The centaur misses you.
You see here an arrow.
You barely miss the centaur.
The centaur is heavily wounded.
The centaur misses you.
You hit the centaur.
The centaur is poisoned.
The centaur is severely wounded.
The centaur hits you.
The centaur wields an uncursed shortbow.
The centaur shoots an arrow.
The arrow closely misses you.
You see here 3 arrows.
The centaur shoots an arrow.
The arrow barely misses you.
You see here an arrow.
The centaur shoots an arrow.
The arrow hits you!
You die...

### #.#
#.#######
#..@((c(#
####.#####(#
########....#
#.#
............#
#(#####
.......)....#
#...((#
............##
#####.#
.....(.......#
..#.#
########.#...#
#.#c# ###
#.#...#
#.#(###..<


You could see a centaur.

Vanquished Creatures
  A scorpion (D:5)
  2 crimson imps (D:5)
  A centaur skeleton (D:5)
  2 orc wizards (D:5)
  4 gnolls
  A worm (D:2)
  A dart slug (D:1)
  A leopard gecko (D:2)
  An orc (D:5)
  4 giant cockroaches
  5 hobgoblins
  5 kobolds
  A quokka (D:2)
  3 bats
  3 frilled lizards
  7 goblins
  5 rats
47 creatures vanquished.

Notes
Turn   | Place    | Note
-------+----------+-------------------------------------------
     0 | D:1      | rme2001 the Merfolk Gladiator began the quest for the Orb.
     0 | D:1      | Reached XP level 1. HP: 16/16 MP: 1/1
    77 | D:1      | Reached XP level 2. HP: 18/23 MP: 2/2
   909 | D:2      | Reached XP level 3. HP: 27/28 MP: 3/3
  1149 | D:2      | Reached skill level 1 in Short Blades
  1330 | D:2      | Reached XP level 4. HP: 11/35 MP: 4/4
  2068 | D:3      | Reached skill level 5 in Dodging
  2321 | D:5      | Entered Level 5 of the Dungeon
  2606 | D:5      | Reached XP level 5. HP: 41/41 MP: 5/5
  2678 | D:5      | Reached XP level 6. HP: 30/48 MP: 6/6
  2784 | D:5      | Shot with an arrow by a centaur

Vault maps used:
D:1:      enne_arrival_octagon_isle, kennysheep_doodads
D:2:      wad_lake_hut, kennysheep_generic_room_5
D:3:      grunt_temple_overflow_magic_moments
D:4:      first_bread, portal_sewer_entry_d, serial_shops, kennysheep_mini_moat,
          cheibriados_altar_1
D:5:      kennysheep_mini, nemelex_spade_bored_becter
D:6:      trog_eyes_of_draining, minivault_1, minmay_liquid_box, uniq_eustachio

Skill      XL: |  1  2  3  4  5 |
---------------+----------------+-----
Short Blades   | 2 4 |  4.6
Fighting       | 3 4 |  4.1
Dodging        | 5 |  5.8
Long Blades    | |  3.4
Throwing       | |  2.0

Action                   |  1- 3 |  4- 6 || total
-------------------------+-------+-------++-------
Melee: Long sword        |    11 |       ||    11
       Dagger            |    84 |    84 ||   168
  Use: Potion            |     8 |       ||     8
       Scroll            |     7 |     3 ||    10
 Stab: Sleeping          |       |     1 ||     1
  Eat: Chunk             |     2 |     4 ||     6
Armor: Leather armour    |    23 |    15 ||    38
Dodge: Dodged            |    77 |    56 ||   133
